 Dungeon Crawl Stone Soup version 0.23-a0-577-g2b1de944cd (webtiles) character file.

478 Zazzizzaar the Digger (level 7, 0/36 HPs)
             Began as a Gargoyle Earth Elementalist on Dec 14, 2018.
             Slain by a centaur (5 damage)
             ... on level 5 of the Dungeon.
             The game lasted 00:09:57 (4538 turns).

Zazzizzaar the Digger (Gargoyle Earth Elementalist) Turns: 4538, Time: 00:09:57

Health: 0/36       AC: 10    Str: 12    XL:     7   Next: 11%
Magic:  11/13      EV: 12    Int: 17    God:
Gold:   210        SH:  2    Dex: 10    Spells: 5/14 levels left

rFire    . . .     SeeInvis .   s - +1 flail
rCold    . . .     Gourm    .   (no shield)
rNeg     + . .     Faith    .   c - +1 robe
rPois    ∞         Spirit   .   (no helmet)
rElec    +         Reflect  +   (no cloak)
rCorr    .         Harm     .   o - +2 pair of gloves
MR       .....                  (no boots)
Stlth    ++........             f - +2 amulet of reflection
HPRegen  0.12/turn              (no ring)
MPRegen  0.13/turn              (no ring)

@: no status effects
A: negative energy resistance 1, electricity resistance, unbreathing,
petrification resistance, rot immunity, AC +4
a: no special abilities


You were on level 5 of the Dungeon.
You were not hungry.

You visited 1 branch of the dungeon, and saw 5 of its levels.

You collected 210 gold pieces.

Inventory:

Hand Weapons
 s - a +1 flail (weapon)
Missiles
 b - 53 stones (quivered)
Armour
 c - a +1 robe (worn)
 o - a +2 pair of gloves (worn)
Jewellery
 f - a +2 amulet of reflection (around neck)
Scrolls
 a - a scroll of immolation
 i - 3 scrolls of remove curse
 r - 2 scrolls of teleportation
Potions
 e - a potion of curing
 g - a potion of heal wounds {unknown}
 h - 2 potions of lignification {unknown}
 j - 2 potions of brilliance {unknown}
 l - a potion of resistance
 m - a potion of cancellation
 n - 2 potions of invisibility
 p - a potion of ambrosia {unknown}
 q - 2 potions of flight
 t - a potion of mutation {unknown}
Comestibles
 d - 3 rations
 k - 3 chunks of flesh


   Skills:
 - Level 1.5 Dodging
 - Level 2.1 Stealth
 + Level 4.4 Spellcasting
 + Level 3.7 Conjurations
   Level 0.7 Transmutations
 + Level 6.3 Earth Magic


You had 5 spell levels left.
You knew the following spells:

 Your Spells              Type           Power        Failure   Level  Hunger
a - Sandblast             Erth           ####..       1%          1    None
b - Stone Arrow           Conj/Erth      ###...       5%          3    ###....
c - Lee's Rapid Deconstr  Erth           ####......   30%         5    ######.

Your spell library contained the following spells:

 Spells                   Type           Power        Failure   Level  Hunger
 Passwall                 Tmut/Erth      ###.....     5%          2    ##.....
 Petrify                  Tmut/Erth      ###.....     34%         4    ####...


Dungeon Overview and Level Annotations

Branches:
Dungeon (5/15)
 Temple: D:4-7

Altars:
Ashenzari
Cheibriados
Qazlal
Wu Jian
Yredelemnul


Innate Abilities, Weirdness & Mutations

You are resistant to torment.
Your stone body is resilient. (AC +4)
You are immune to poison.
You resist negative energy. (rN+)
You are resistant to electric shocks. (rElec)
You can survive without breathing.
You are immune to petrification.
You are immune to rotting.


Message History

Confirm with . or Enter, or press ? or * to list all spells.
Aiming: Sandblast (safe; 1% risk of failure)
Press: ? - help, Shift-Dir - straight line, f - centaur
Aim: a centaur The blast of sand hits the centaur.
The centaur is heavily wounded.
b - 54 stones The centaur hits you.
* * * LOW HITPOINT WARNING * * *
The centaur closely misses you.
Casting: Sandblast (safe; 1% risk of failure)
Confirm with . or Enter, or press ? or * to list all spells.
Aiming: Sandblast (safe; 1% risk of failure)
Press: ? - help, Shift-Dir - straight line, f/p - centaur
Aim: a centaur (heavily wounded)
The blast of sand hits the centaur.
The centaur is almost dead.
b - 53 stones The centaur hits you.
You die...

##......# #.#####.
.....#### #..<....
####.# #######. #.# #.#
### ##.## ..
###...####### ##.#
............# #c.#
###...#####.# #@.###.#
......#####.####(.....#
####...........#(####>..
#...####.##.#(## .
#...####.##....##.
#...................
#.#.####..#########.
..... #### ##_## ...#..
8...8#


You could see a centaur.

Vanquished Creatures
  An ogre (D:4)
  A howler monkey (D:4)
  A hound (D:4)
  An orc wizard (D:2)
  Terence (D:3)
  2 worker ants
  A hound skeleton (D:4)
  A worker ant zombie (D:3)
  7 gnolls
  5 adders
  A worm (D:2)
  3 dart slugs
  3 leopard geckos
  9 orcs
  3 ball pythons
  2 giant cockroaches (D:2)
  5 goblins
  6 hobgoblins
  2 quokkas
  5 bats
  8 frilled lizards
  7 kobolds
  6 rats
81 creatures vanquished.

Notes
Turn   | Place    | Note
-------+----------+-------------------------------------------
     0 | D:1      | Zazzizzaar the Gargoyle Earth Elementalist began the quest
                  | for the Orb.
     0 | D:1      | Reached XP level 1. HP: 10/10 MP: 3/3
   182 | D:1      | Found a shattered altar of Ashenzari.
   256 | D:1      | Reached skill level 4 in Earth Magic
   256 | D:1      | Reached XP level 2. HP: 15/15 MP: 5/5
   820 | D:2      | Reached XP level 3. HP: 19/19 MP: 2/7
  1045 | D:2      | You fall through a shaft!
  1113 | D:3      | Learned a level 3 spell: Stone Arrow
  1365 | D:2      | Reached XP level 4. HP: 15/24 MP: 8/8
  1561 | D:2      | Reached skill level 1 in Conjurations
  2262 | D:2      | Reached skill level 5 in Earth Magic
  2321 | D:2      | Reached XP level 5. HP: 28/28 MP: 5/10
  2330 | D:2      | Learned a level 5 spell: Lee's Rapid Deconstruction
  2631 | D:3      | Found a snail-covered altar of Cheibriados.
  2765 | D:3      | Noticed Terence
  2772 | D:3      | Killed Terence
  3079 | D:3      | Found a faded altar of an unknown god.
  3410 | D:4      | Reached XP level 6. HP: 30/32 MP: 11/11
  3739 | D:4      | Found a basalt altar of Yredelemnul.
  3951 | D:4      | Reached skill level 6 in Earth Magic
  4213 | D:4      | Reached XP level 7. HP: 18/36 MP: 9/13
  4372 | D:4      | Found an ornate altar of the Wu Jian Council.
  4443 | D:5      | Entered Level 5 of the Dungeon
  4531 | D:5      | Found a stormy altar of Qazlal.
  4538 | D:5      | Slain by a centaur

Vault maps used:
D:1:      lordsloth_arrival_two_stooges, evilmike_ruin_ashenzari
D:2:      minmay_lizard_king
D:3:      cheibriados_altar_1, chequers_ecumenical_altar_lobes, uniq_terence
D:4:      lemuel_coloured_pillars_altar, lemuel_tele_altar
D:5:      nicolae_overflow_hidden_temple, kiku_gazebo_pond_becter,
          minmay_temple_entry_sparse_star, first_ration,
          minmay_hollow_rounded_squares

Skill      XL: |  1  2  3  4  5  6 |
---------------+-------------------+-----
Earth Magic    | 4 5 6 |  6.3
Spellcasting   | 3 4 |  4.4
Conjurations   | 1 2 3 |  3.7
Dodging        | |  1.5
Stealth        | |  2.1
Transmutations | |  0.7

Action                   |  1- 3 |  4- 6 |  7- 9 || total
-------------------------+-------+-------+-------++-------
Melee: Dagger            |   167 |   106 |       ||   273
       Unarmed           |     6 |       |       ||     6
       Flail             |       |    76 |    20 ||    96
 Cast: Sandblast         |    10 |    44 |     3 ||    57
       Stone Arrow       |       |     2 |       ||     2
  Use: Scroll            |       |    15 |       ||    15
 Stab: Sleeping          |     3 |     1 |       ||     4
  Eat: Chunk             |     2 |     6 |     1 ||     9
       Ration            |       |     1 |       ||     1
Armor: Robe              |    56 |    88 |     7 ||   151
Dodge: Dodged            |   106 |   134 |    17 ||   257
Block: Other             |     8 |    11 |     5 ||    24

Table legend:
 A = Non-vault XP
 B = Vault XP
 C = Vault XP percentage of total XP
 D = Non-vault monster count
 E = Vault monster count
 F = Vault count percentage of total count
                 A         B        C        D         E       F
            +---------+---------+-------+---------+---------+-------
      Total |     641 |      43 |   6.3 |      75 |       6 |   7.4
            +---------+---------+-------+---------+---------+-------
        D:1 |      15 |       0 |   0.0 |       9 |       0 |   0.0
        D:2 |     149 |       7 |   4.5 |      26 |       5 |  16.1
        D:3 |      92 |      36 |  28.1 |      23 |       1 |   4.2
        D:4 |     350 |       0 |   0.0 |      15 |       0 |   0.0
        D:5 |      35 |       0 |   0.0 |       2 |       0 |   0.0
            +---------+---------+-------+---------+---------+-------
